[Event "*** Titled Tuesday Blitz"]
[Site "Chess.com"]
[Date "2020.03.03"]
[Round "2"]
[White "hansen"]
[Black "JonahWillow"]
[Result "1-0"]
[WhiteElo "2917"]
[BlackElo "2628"]
[TimeControl "180+1"]
[EndTime "13:20:12 PST"]
[Termination "hansen won by resignation"]

1. e4 c5 2. Nf3 Nc6 3. Bb5 g6 4. O-O Bg7 5. Bxc6 dxc6 6. h3 Nf6 7. d3 O-O 8. Nc3 Nd7 9. Be3 e5 10. Qd2 Re8 11. Bh6 Bh8 12. Rae1 Qe7 13. Ne2 Nf8 14.
Nh2 Ne6 15. b3 b6 16. f4 exf4 17. Nxf4 a5 18. a4 b5 19. Kh1 Nd4 20. Nf3 Be6 21. Ng5 f6 22. Nfxe6 Nxe6 23. Nxe6 Qxe6 24. Qf2 c4 25.
bxc4 bxc4 26. Qc5 cxd3 27. cxd3 Bg7 28. Bd2 Bf8 29. Qf2 Bg7 30. Bc3 Red8 31. Re3 Rd6 32.
Rf3 Rf8 33. Bxa5 Qb3 34. Qc5 Rxd3 35. Qxc6 Rxf3 36. Rxf3 Qd1+ 37. Kh2 Rd8 38. Bxd8 Qxd8 39. Qd5+ Qxd5 40. exd5 Bf8 41. Kh1 1-0

[Event "*** Titled Tuesday Blitz"]
[Site "Chess.com"]
[Date "2020.03.03"]
[Round "2"]
[White "Witik"]
[Black "Martins-BR"]
[Result "1-0"]
[WhiteElo "2640"]
[BlackElo "2338"]
[TimeControl "180+1"]
[EndTime "13:20:12 PST"]
[Termination "Witik won on time"]

1. c3 f5 2. h3 Nf6 3. g4 d5 4. g5 Ne4 5. d3 Nd6 6. Nf3 Nf7 7. d4 g6 8. h4 Bg7 9. h5 Nc6 10. h6 Bf8 11. Bf4 e6 12. e3 Bd6 13.
Nbd2 O-O 14. Bb5 Bd7 15. Nb3 a6 16. Be2 b6 17. Nc1 Qe7 18. Nd3 Rfd8 19. Nde5 Bxe5 20. dxe5 Na7 21. O-O c5 22. Kh2 Bc6 23. b4 Nb5 24.
Qb3 d4 25. cxd4 Bd5 26. Qb2 cxd4 27. Bxb5 Bxf3 28. Bc4 b5 29. Bb3 d3 30. Qd2 Re8 31. Rg1 Rad8 32. Rg3 Ba8 33. Rd1 Qb7 34. f3 Qc7 35. Qb2 d2 36. Rxd2 Rxd2+ 37. Qxd2 Nxe5 38. Qd4 Nxf3+ 39. Rxf3 Qb7 40. e4 1-0

[Event "*** Titled Tuesday Blitz"]
[Site "Chess.com"]
[Date "2020.03.03"]
[Round "2"]
[White "HomayoonTofighi"]
[Black "Abdimalik_Abdisalimov"]
[Result "0-1"]
[WhiteElo "2598"]
[BlackElo "2837"]
[TimeControl "180+1"]
[EndTime "13:20:13 PST"]
[Termination "Abdimalik_Abdisalimov won by resignation"]

1. e4 e5 2. Nc3 Nc6 3. Bc4 Bc5 4. d3 d6 5. Na4 Bb6 6. Nxb6 axb6 7. f4 Na5 8. Nf3 Nxc4 9. dxc4 exf4 10.
Bxf4 Ne7 11. e5 d5 12. O-O Be6 13. cxd5 Qxd5 14. Qxd5 Nxd5 15. Bd2 h6 16. Nd4 Ra4 17. c3 O-O 18. b3 Raa8 19. c4 Ne7 20. Nb5 Rfc8 21.
Rfd1 Nc6 22. Bc3 Na7 23. Nd4 Bg4 24. Rd2 Nc6 25. Nb5 Na7 26. Nxa7 Rxa7 27. h3 Be6 28.
Kf2 Kh7 29. Rad1 g5 30. Kg3 Kg6 31. Rf2 Kg7 32. a4 Raa8 33. Rfd2 Kg6 34. Bb4 Re8 35.
h4 Kf5 36. Rf2+ Kg6 37. Rf6+ Kg7 38. hxg5 hxg5 39. Bd2 Rad8 40. Rff1 Rd3+ 41. Kf2 Red8 42. Ke1 Bg4 43. Rf3 Bxf3 44. gxf3 Kg6 45. Ke2 Kf5 46. b4 R8d7 47. a5 bxa5 48. bxa5 c5 49. Ke1 Rxf3 50.
Rb1 Rh3 0-1

[Event "*** Titled Tuesday Blitz"]
[Site "Chess.com"]
[Date "2020.03.03"]
[Round "2"]
[White "mbojan"]
[Black "ChessMavenYeti"]
[Result "1-0"]
[WhiteElo "2686"]
[BlackElo "2227"]
[TimeControl "180+1"]
[EndTime "13:20:13 PST"]
[Termination "mbojan won by checkmate"]

1. e4 e6 2. d4 d5 3. Nc3 Bb4 4. e5 c5 5. Bd2 Nh6 6. a3 Bxc3 7.
Bxc3 O-O 8. Nf3 Nc6 9. dxc5 Qe7 10. b4 b6 11. cxb6 axb6 12. Bd3 d4 13. Bxd4 Nxd4 14.
Nxd4 Rxa3 15. Nc6 Qc7 16. Rxa3 Qxc6 17. O-O Bb7 18. f3 Nf5 19. Be4 Qc7 20. Bxf5 exf5 21. Re3 f4 22. Ree1 Rd8 23. Qe2 Bd5 24. Rd1 Be6 25. Rxd8+ Qxd8 26. Rd1 Qc7 27. Qe4 g5 28. h3 Kg7 29. Kh2 Qc3 30. Rd6 b5 31. Rd1 h6 32.
Rd8 Qc7 33. Rd2 Qc3 34. Qd4 Qa3 35. c3 Qc1 36. Rd1 Qb2 37. Qd2 Qb3 38. Re1 Qc4 39. Re4 Qc6 40. Rd4 Bf5 41. Rd6 Qc4 42. Qd4 Qf1 43. e6+ Kf8 44. Rd8+ Ke7 45. Qd6+ Kf6 46. e7+ Be6 47. e8=N+ Kg6 48. Qe5 Qf2 49. Qf6+ Kh5 50. Ng7+ Kh4 51. Qxh6# 1-0

[Event "*** Titled Tuesday Blitz"]
[Site "Chess.com"]
[Date "2020.03.03"]
[Round "2"]
[White "Resignify"]
[Black "Jbd735"]
[Result "0-1"]
[WhiteElo "2214"]
[BlackElo "2479"]
[TimeControl "180+1"]
[EndTime "13:20:15 PST"]
[Termination "Jbd735 won by checkmate"]

1. e4 e5 2. Nf3 Nc6 3. Bc4 Bc5 4. c3 Nf6 5. d3 d6 6. h3 a6 7. O-O Na5 8. b4 Nxc4 9. bxc5 Na5 10. d4 O-O 11. Re1 h6 12. cxd6 cxd6 13. dxe5 dxe5 14.
Qxd8 Rxd8 15. Nxe5 Nxe4 16. Be3 Rd5 17. Bd4 Bf5 18.
g4 Bh7 19. Na3 f6 20. Nec4 Nxc4 21. Nxc4 Rad8 22. Nb6 R5d6 23. f3 Ng5 24. Kg2 Ne6 25. Nc4 Rc6 26. Na5 Nxd4 27. cxd4 Rc2+ 28. Kg3 Rxd4 29.
Nxb7 g5 30. Na5 Rdd2 31. Rg1 Bd3 32. Nb3 Rh2 33. Nc1 Bc4 34. Nb3 Kg7 35. Nd4 Rcd2 36. Nf5+ Kg6 37. a3 h5 38. Ne7+ Kf7 39. gxh5 Kxe7 40.
Rac1 Be6 41. Rc7+ Kd6 42. Ra7 Rxh3# 0-1

[Event "*** Titled Tuesday Blitz"]
[Site "Chess.com"]
[Date "2020.03.03"]
[Round "2"]
[White "Bongcloudtransvestit"]
[Black "Hrant_ChessMood"]
[Result "0-1"]
[WhiteElo "2353"]
[BlackElo "2935"]
[TimeControl "180+1"]
[EndTime "13:20:16 PST"]
[Termination "Hrant_ChessMood won by resignation"]

1. d4 d5 2. c4 c6 3. Nf3 Nf6 4. Nc3 e6 5. g3 dxc4 6. Bg2 b5 7.
O-O Bb7 8. Ne5 a6 9. b3 b4 10. Ne4 Nxe4 11. Bxe4 c3 12. a3 a5 13. axb4 Bxb4 14.
Bf4 O-O 15. Qd3 f5 16. Bf3 Qe7 17. e4 Ba6 18. Nc4 Nd7 19. exf5 Rxf5 20. Bxc6 Rc8 21.
Be4 Rxf4 22. gxf4 Nf6 23. Bf3 Qc7 24. f5 exf5 25. Qxf5 Bxc4 26. bxc4 Qxc4 27. Rfe1 Rd8 28. Re6 Qxd4 29. Rd1 Qxd1+ 30. Bxd1 Rxd1+ 31. Kg2 Rd8 32. Rc6 Kh8 33. Rc8 Rxc8 34. Qxc8+ Ng8 35. f4 g6 36. Qc4 Kg7 37. Kf3 Nf6 38. h4 Kf8 39. Qc8+ Ke7 40. Qc7+ Ke6 41. Qe5+ Kf7 42. Qc7+ Ke6 43. Qc4+ Ke7 44. f5 gxf5 45. Kf4 Ne4 46. Kxf5 Nd6+ 0-1

[Event "*** Titled Tuesday Blitz"]
[Site "Chess.com"]
[Date "2020.03.03"]
[Round "2"]
[White "kleinebeer98"]
[Black "rubhani"]
[Result "1/2-1/2"]
[WhiteElo "2703"]
[BlackElo "2443"]
[TimeControl "180+1"]
[EndTime "13:20:17 PST"]
[Termination "Game drawn by repetition"]

1. e4 c5 2. Nf3 d6 3. Nc3 Nf6 4. e5 dxe5 5. Nxe5 a6 6. g3 Nbd7 7. d4 Nxe5 8. dxe5 Qxd1+ 9. Nxd1 Ng4 10. f4 Bf5 11. Bg2 O-O-O 12. h3 Rxd1+ 13. Kxd1 Nf2+ 14. Ke2 Nxh1 15. Bxh1 Bxh3 16. Be3 e6 17. Rd1 Bg4+ 18. Bf3 Bxf3+ 19. Kxf3 Be7 20. Rd3 Rd8 21. Rc3 Rd5 22. b4 b6 23. bxc5 Bxc5 24. Ke4 Kd7 25. a4 Bxe3 26.
Kxe3 Rc5 27. Rb3 Kc7 28. Kd3 h5 29. c4 g6 30. Kd4 a5 31. g4 hxg4 32. Rg3 Kb7 33.
Rxg4 Rc7 34. Rh4 Kc6 35. Rh8 Rd7+ 36. Kc3 Kc7 37. Rf8 Kc6 38. Rc8+ Rc7 39. Rf8 Kc5 40. Rd8 Kc6 41. Rf8 Rd7 42. Rc8+ Kb7 43. Rf8 Kc7 44. Ra8 Kb7 45. Rf8 Re7 46. Rd8 Rc7 47. Rf8 Kc6 48. Rd8 Rb7 49. Rf8 Ra7 50. Rc8+ Kd7 51. Rf8 Kc6 52. Rb8 Rb7 53. Rc8+ Rc7 54. Rf8 1/2-1/2

[Event "*** Titled Tuesday Blitz"]
[Site "Chess.com"]
[Date "2020.03.03"]
[Round "2"]
[White "kingofthenil"]
[Black "ChessLover0108"]
[Result "1-0"]
[WhiteElo "2574"]
[BlackElo "2758"]
[TimeControl "180+1"]
[EndTime "13:20:18 PST"]
[Termination "kingofthenil won by resignation"]

1. e4 c5 2. d3 Nc6 3. g3 g6 4. Bg2 Bg7 5. f4 h5 6. Nf3 d6 7. O-O Bg4 8. h3 Bxf3 9. Qxf3 e6 10. c3 Nge7 11. Be3 b6 12. Nd2 d5 13. Bf2 dxe4 14.
Nxe4 Qc7 15. Ng5 Rd8 16. Rfe1 O-O 17. g4 hxg4 18. hxg4 Rd5 19. Qh3 Rfd8 20. Bxd5 Nxd5 21. Bg3 Qe7 22. Rad1 Qf6 23. Ne4 Qe7 24. Bh4 Nxf4 25. Qh2 Qc7 26. Bxd8 Nxd8 27. Rf1 e5 28. d4 cxd4 29.
cxd4 Nde6 30. d5 Nc5 31. Rc1 Qb7 32. Nxc5 bxc5 33. Qd2 Qb6 34. d6 c4+ 35. Kh2 Bf6 36. d7 Kg7 37. Rxc4 Qd8 38. Rcxf4 Qb6 39. Rxf6 1-0

[Event "*** Titled Tuesday Blitz"]
[Site "Chess.com"]
[Date "2020.03.03"]
[Round "2"]
[White "MarcoRiehle"]
[Black "bilelou"]
[Result "1-0"]
[WhiteElo "2755"]
[BlackElo "2552"]
[TimeControl "180+1"]
[EndTime "13:20:19 PST"]
[Termination "MarcoRiehle won by resignation"]

1. e4 c5 2. a3 g6 3. Nc3 Bg7 4. Bc4 e6 5. f4 Ne7 6. d3 d5 7.
Ba2 Nbc6 8. Nf3 O-O 9. O-O Rb8 10. Qe1 b5 11. Qh4 c4 12. Bd2 a5 13. Rae1 b4 14. axb4 axb4 15. Nd1 b3 16. cxb3 cxd3 17. b4 dxe4 18.
Rxe4 Nd5 19. Qh3 Ndxb4 20. Bc4 e5 21. Qg3 Bf5 22. Rxe5 Nxe5 23. fxe5 Nc6 24. Bc3 Be6 25. Bxe6 fxe6 26. Qh3 Qd5 27. Ne3 Qb3 28. Re1 Rbe8 29. Ng5 h6 30. Ne4 Nxe5 31. Qg3 d2 32. Nxd2 Qb5 33.
h3 Kh7 34. Ne4 Rd8 35. Qh4 Kg8 36. Qg3 Rd3 37. Kh1 Kh7 38. Qh4 Kg8 39. Qe7 Qd7 40.
Qxd7 Nxd7 41. Bxg7 Kxg7 42. Nc4 Nf6 43. Nc5 Rdd8 44.
Nxe6+ Kh7 45. Nxf8+ Rxf8 46. b4 Rb8 47. Rb1 Nd5 48.
b5 Nc3 49. Rb3 Nxb5 50. Nd6 Nxd6 51. Rxb8 Nf5 52. Rb7+ Ng7 53. g4 g5 54. Kg2 Kg6 55.
Kf3 Ne6 56. Ra7 Nf4 57. h4 Ne6 58. h5+ Kf6 59. Rh7 1-0

[Event "*** Titled Tuesday Blitz"]
[Site "Chess.com"]
[Date "2020.03.03"]
[Round "2"]
[White "Koksik_13"]
[Black "GMsKoRPioN"]
[Result "1-0"]
[WhiteElo "2760"]
[BlackElo "2549"]
[TimeControl "180+1"]
[EndTime "13:20:20 PST"]
[Termination "Koksik_13 won on time"]

1. e4 d6 2. d4 g6 3. Nc3 Bg7 4. Bg5 a6 5. f4 c6 6. Nf3 Bg4 7. Bd3 Qb6 8. Ne2 Bxf3 9. gxf3 Bxd4 10. Nxd4 Qxd4 11. Qd2 Qxb2 12. O-O Nd7 13. Kh1 Qd4 14.
Rab1 b5 15. a4 h6 16. Bh4 Ngf6 17. axb5 axb5 18. Bf2 Qa4 19. Qc3 Qa6 20. e5 Nd5 21.
Qd4 O-O 22. exd6 exd6 23. f5 g5 24. Rg1 f6 25. Qh4 Ne5 26. Qxh6 Qb7 27. Bh4 Qh7 28. Bxg5 fxg5 29. Qxg5+ Kh8 30. f6 Qxh2+ 31. Kxh2 Nxf3+ 32. Kh1 Nxg5 33. Rxg5 Rxf6 34. Rh5+ Kg7 35. Rh7+ Kf8 36. Rh8+ Kf7 37. Rxa8 Rh6+ 38. Kg1 b4 39. Rf1+ Ke7 40.
Re1+ Kd7 41. Ra7+ 1-0

[Event "*** Titled Tuesday Blitz"]
[Site "Chess.com"]
[Date "2020.03.03"]
[Round "2"]
[White "Indianlad"]
[Black "saikrishnaReturns"]
[Result "0-1"]
[WhiteElo "2929"]
[BlackElo "2650"]
[TimeControl "180+1"]
[EndTime "13:20:21 PST"]
[Termination "saikrishnaReturns won by resignation"]

1. c4 e5 2. Nc3 Nc6 3. Nf3 Nf6 4. e4 Bb4 5. d3 O-O 6. a3 Bxc3+ 7.
bxc3 Qe7 8. g3 d6 9. Bg2 Bg4 10.
h3 Bxf3 11. Qxf3 Nd7 12. h4 Nc5 13. O-O Nb3 14. Rb1 Nxc1 15. Rfxc1 b6 16. h5 h6 17. Bh3 Nd8 18. Kh2 Ne6 19. Bf5 Qg5 20. Rg1 Qd2 21.
Rbd1 Qxc3 22. Bxe6 fxe6 23. Qe2 Qxa3 24. Rg2 Qc5 25.
Rdg1 Rf6 26. f3 Raf8 27. Rf1 a5 28. g4 Rf4 29. Rg3 a4 30. Rfg1 a3 31. g5 Rh4+ 32.
Kg2 Rxh5 33. gxh6 Rxh6 34. Qd2 Rh7 35. Qg5 a2 36. Qc1 Ra8 37. Qa1 Qe3 38. Rf1 Qxd3 39. c5 dxc5 40. f4 Qxe4+ 41. Rgf3 exf4 42. Rf2 Qb1 43. Rf1 Qxa1 44. Rxa1 g5 45. Rf2 e5 46. Re2 Re7 47.
Kf3 Kf7 48. Kg4 Kf6 49. Rh2 e4 50. Rh6+ Ke5 51. Rg6 e3 52. Kf3 Kd4 53. Rxg5 e2 54. Rgg1 e1=Q 0-1

[Event "*** Titled Tuesday Blitz"]
[Site "Chess.com"]
[Date "2020.03.03"]
[Round "2"]
[White "dopolian"]
[Black "Sibelephant"]
[Result "0-1"]
[WhiteElo "2370"]
[BlackElo "3023"]
[TimeControl "180+1"]
[EndTime "13:20:21 PST"]
[Termination "Sibelephant won on time"]

1. e4 e5 2. Nf3 Nc6 3. Bb5 g6 4. d4 exd4 5. Bg5 Be7 6. h4 Nf6 7.
O-O O-O 8. e5 Ng4 9. Bxc6 dxc6 10. Bxe7 Qxe7 11. Qxd4 c5 12. Qf4 f6 13. exf6 Rxf6 14.
Qg3 Qd6 15. Qxd6 Rxd6 16. Nc3 Bf5 17. Rfe1 Rad8 18. Nb5 R6d7 19. Rac1 Kg7 20. Ne5 Nxe5 21. Rxe5 c6 22. Nc3 b6 23. Ne4 Rd5 24. Rxd5 cxd5 25. Ng3 Be6 26. Re1 Kf7 27. Nf1 d4 28. Nd2 Bf5 29. Rc1 Re8 30. Kf1 Bd7 31. c4 Bf5 32. Nf3 Bd3+ 33. Kg1 Re2 34. Re1 Rxe1+ 35.
Nxe1 Bxc4 36. b3 Bb5 37. Nf3 Ke6 38. Nd2 Kd5 39. f3 Bd3 40. Kf2 b5 41. g4 c4 42.
f4 c3 43. Ke1 c2 0-1

[Event "*** Titled Tuesday Blitz"]
[Site "Chess.com"]
[Date "2020.03.03"]
[Round "2"]
[White "Art_Vandelay1980"]
[Black "pedromartinez91"]
[Result "1-0"]
[WhiteElo "2768"]
[BlackElo "2558"]
[TimeControl "180+1"]
[EndTime "13:20:25 PST"]
[Termination "Art_Vandelay1980 won by resignation"]

1. e4 e6 2. d4 d5 3. e5 c5 4. c3 Ne7 5. Nf3 Nec6 6. h4 h6 7. h5 b6 8. Be3 Ba6 9. Nbd2 Qc8 10. g4 Bxf1 11. Kxf1 Qa6+ 12. Kg2 cxd4 13. cxd4 Be7 14. Nf1 Na5 15. b3 Nd7 16. Ng3 Nc6 17.
g5 hxg5 18. Bxg5 Ba3 19. Bc1 O-O-O 20. Bxa3 Qxa3 21. Ng5 Rhf8 22. Qg4 Qb4 23. Nf3 Ndxe5 24. Nxe5 Nxe5 25. Qxg7 Nd3 26. Rh4 Qd2 27. Qf6 Rg8 28. Rf1 Rg5 29. Rd1 Rxg3+ 30. Kxg3 Rg8+ 31. Rg4 Rxg4+ 32. Kxg4 Qxd1+ 33. Kg5 Qd2+ 34. f4 Qg2+ 35. Kh6 Qg8 36. Qg7 Qxg7+ 37. Kxg7 Nxf4 38. h6 e5 39. h7 Ng6 40. dxe5 d4 41. e6 d3 42. exf7 d2 43. h8=Q+ Nxh8 44. f8=Q+ Kb7 45. Qf3+ Kc7 46. Qd3 Nf7 47. Kxf7 1-0

[Event "*** Titled Tuesday Blitz"]
[Site "Chess.com"]
[Date "2020.03.03"]
[Round "2"]
[White "Lovkov_Roman"]
[Black "Mikasinski"]
[Result "1-0"]
[WhiteElo "2690"]
[BlackElo "2257"]
[TimeControl "180+1"]
[EndTime "13:20:25 PST"]
[Termination "Lovkov_Roman won on time"]

1. e4 c5 2. c3 Nf6 3. e5 Nd5 4. d4 e6 5. c4 Nb6 6. dxc5 Bxc5 7. Qg4 Kf8 8. Nf3 h6 9. h4 Nc6 10. Nc3 Nb4 11. Qe4 d5 12. exd6 Bxd6 13. a3 Nc6 14.
Be3 Be7 15. Rd1 Bd7 16. c5 Nc8 17. Bb5 Qe8 18. O-O a6 19. Ba4 f5 20. Qf4 N8a7 21. Qc7 Bc8 22. Bf4 Bd8 23. Qd6+ Be7 24. Qd3 Bxc5 25. Rfe1 Be7 26. Bb3 Nd8 27. Ne5 Nac6 28. Nc4 g5 29. Bd6 Nf7 30. Bxe7+ Qxe7 31. Nb6 Rb8 32.
Nxc8 Rxc8 33. Rxe6 Qc5 34. Rf6 Ne5 35. Qxf5 Rc7 36.
Rd8+ Kg7 37. Rxh8 Nxh8 38. hxg5 hxg5 39. Qxg5+ Nhg6 40. Qf5 Re7 41. Be6 Qd4 42. Qg5 1-0

[Event "*** Titled Tuesday Blitz"]
[Site "Chess.com"]
[Date "2020.03.03"]
[Round "2"]
[White "RainForestt"]
[Black "Galiev_Azat"]
[Result "0-1"]
[WhiteElo "2483"]
[BlackElo "2293"]
[TimeControl "180+1"]
[EndTime "13:20:28 PST"]
[Termination "Galiev_Azat won by checkmate"]

1. d4 Nf6 2. Nf3 e6 3. e3 b6 4. Bd3 Bb7 5. O-O Be7 6. c4 O-O 7. Nc3 d5 8. cxd5 exd5 9. Ne5 c5 10. a3 Nc6 11. Bc2 Re8 12. Qf3 cxd4 13. Nxc6 Bxc6 14. exd4 Ne4 15. Bf4 Bf6 16. Rad1 Rc8 17. Rfe1 Nxc3 18. bxc3 Qd7 19. Bd2 Rxe1+ 20. Rxe1 Re8 21. Rxe8+ Qxe8 22. Qe3 Qd7 23. f3 g6 24. Qf4 Be7 25. Bd3 Bxa3 26.
Qb8+ Kg7 27. Bf4 Be7 28. Be5+ f6 29. Bf4 g5 30. Bg3 a5 31. Qc7 Qxc7 32. Bxc7 a4 33. Bxb6 a3 34. Bb1 Bb5 35. Ba2 Bc4 36. Bxc4 dxc4 37.
Bc5 Bxc5 38. dxc5 a2 39. c6 a1=Q+ 40. Kf2 Qa8 41. Kg3 Qxc6 42. f4 Qd6 43. Kg4 Qxf4+ 44. Kh3 Qh4# 0-1

[Event "*** Titled Tuesday Blitz"]
[Site "Chess.com"]
[Date "2020.03.03"]
[Round "2"]
[White "pouya21"]
[Black "nocnypako"]
[Result "1-0"]
[WhiteElo "2794"]
[BlackElo "2567"]
[TimeControl "180+1"]
[EndTime "13:20:29 PST"]
[Termination "pouya21 won on time"]

1. e4 e6 2. d4 d5 3. e5 c5 4. c3 Qb6 5. Nf3 Nc6 6. a3 c4 7. Nbd2 Bd7 8. Be2 Na5 9. O-O Ne7 10.
Rb1 O-O-O 11. Ne1 Kb8 12. Bg4 f5 13. exf6 gxf6 14. Ndf3 Ng6 15. Be3 Bd6 16. Bh3 Rhg8 17. Bh6 Nf4 18. Bxf4 Bxf4 19. g3 e5 20. Bxd7 Rxd7 21.
Ng2 Qe6 22. Kh1 Qh3 23. Ng1 Qh6 24. Qf3 Rdg7 25. Ne2 Bd2 26. dxe5 fxe5 27. Qxd5 Nc6 28. Rbd1 Bg5 29. Qxc4 Bd8 30. Ne3 Qh5 31. Ng1 Rg6 32.
Qe4 Rh6 33. Qg2 e4 34. Rd5 Qe8 35. Rfd1 Bb6 36. Nf5 Rf6 37. c4 Qe6 38. c5 Rxf5 39. Rxf5 Qxf5 40. cxb6 axb6 41. Ne2 Ne5 42. Nd4 Qg4 43.
Rf1 Nf3 44. Nxf3 exf3 45. Qg1 Qd4 46. Rd1 Qxb2 47. Qe1 Qxa3 48. Qe5+ Kc8 49. Qe6+ Kc7 50. Qxg8 1-0

[Event "*** Titled Tuesday Blitz"]
[Site "Chess.com"]
[Date "2020.03.03"]
[Round "2"]
[White "SCIM"]
[Black "Irishchessman16"]
[Result "1-0"]
[WhiteElo "2474"]
[BlackElo "2201"]
[TimeControl "180+1"]
[EndTime "13:20:30 PST"]
[Termination "SCIM won on time"]

1. d4 Nf6 2. c4 e6 3. g3 d5 4. Nf3 dxc4 5. Bg2 a6 6. O-O Nc6 7. e3 Rb8 8. Qe2 b5 9. b3 cxb3 10.
axb3 Be7 11. Bd2 O-O 12. Rc1 Bb7 13. Nc3 h6 14. h4 Nb4 15. Na2 Nxa2 16. Rxa2 Qd5 17.
Rxc7 Bd6 18. Rc3 Ne4 19. Rd3 Qf5 20. Be1 Rfc8 21. Rd1 Bd5 22. Rxa6 Bxb3 23. Rda1 Rc2 24. Qd3 Nxg3 25. Qxb3 Ne2+ 26. Kf1 Nc3 27. Bxc3 Qd3+ 28. Kg1 Rxc3 29. Qb1 Qxb1+ 30. Rxb1 Be7 31. h5 b4 32. Ne5 b3 33. Nc6 b2 34. Nxb8 Rc1+ 35. Kh2 Rxb1 36. Ra8 Rh1+ 37. Bxh1 b1=Q 38. Nc6+ Kh7 39. Nxe7 Qf1 40.
Be4+ f5 41. Bg2 Qxf2 42. Ng6 Qxg2+ 43. Kxg2 1-0

[Event "*** Titled Tuesday Blitz"]
[Site "Chess.com"]
[Date "2020.03.03"]
[Round "2"]
[White "MaxLeto"]
[Black "HouseOfDurin"]
[Result "1/2-1/2"]
[WhiteElo "2407"]
[BlackElo "2091"]
[TimeControl "180+1"]
[EndTime "13:20:31 PST"]
[Termination "Game drawn by repetition"]

1. g4 c5 2. g5 Nc6 3. h4 d5 4. d3 e5 5. Nc3 Be6 6. Bg2 Be7 7. e4 d4 8. Nd5 f6 9. c4 dxc3 10.
bxc3 Qd7 11. Be3 O-O-O 12. Ne2 f5 13. Qa4 f4 14. Bd2 h6 15. gxh6 Rxh6 16. O-O-O Nf6 17. c4 Ng4 18. Be1 Rxh4 19. Rg1 Nh2 20. f3 g5 21.
Bxh4 gxh4 22. Rh1 h3 23. Rxh2 hxg2 24. Rxg2 Nd4 25. Nxd4 Qxa4 26. Nxe6 Qa3+ 27. Kb1 Rd6 28. Nxe7+ Kd7 29. Nd5 Rxe6 30. Rg7+ Ke8 31. Rh1 Qxd3+ 32. Kb2 Qe2+ 33. Kb3 Qxf3+ 34. Kc2 Qxh1 35. Nc7+ Kd8 36.
Nxe6+ Ke8 37. Nc7+ Kf8 38. Ne6+ Ke8 39. Nc7+ Kf8 40.
Ne6+ Ke8 1/2-1/2

[Event "*** Titled Tuesday Blitz"]
[Site "Chess.com"]
[Date "2020.03.03"]
[Round "2"]
[White "GianmarcoVaR"]
[Black "Man-Chuk"]
[Result "0-1"]
[WhiteElo "2562"]
[BlackElo "2791"]
[TimeControl "180+1"]
[EndTime "13:20:36 PST"]
[Termination "Man-Chuk won on time"]

1. d4 Nf6 2. c4 g6 3. g3 c5 4. d5 Bg7 5. Bg2 e6 6. Nc3 exd5 7. cxd5 O-O 8. Nf3 d6 9. O-O a6 10. a4 Re8 11. Bf4 Qc7 12. Re1 Ne4 13. Nxe4 Rxe4 14. Nd2 Rb4 15. a5 Nd7 16. Ra4 Rxa4 17. Qxa4 Be5 18.
Bxe5 Nxe5 19. h3 Bd7 20. Qf4 f5 21. b4 cxb4 22. Qxb4 Rc8 23. f4 Nf7 24. e4 Bb5 25. exf5 gxf5 26. Kh2 Qc5 27. Qb1 Qf2 28. Qxf5 Rc3 29. Ne4 Qxe1 30. Nxc3 Qxc3 31. Be4 Qd2+ 32. Kh1 Qe1+ 33. Kh2 Qf2+ 34. Kh1 Qxg3 35. Qg4+ Qxg4 36.
hxg4 Kg7 37. Kg2 h6 38. Kf3 Bd7 39. Bd3 Kf6 40. Be4 Nh8 41. Kg3 Ng6 42. Bf3 Ne7 43. Be4 Be8 44. Kh4 Bf7 45. g5+ hxg5+ 46. fxg5+ Ke5 0-1

[Event "*** Titled Tuesday Blitz"]
[Site "Chess.com"]
[Date "2020.03.03"]
[Round "2"]
[White "aa175"]
[Black "IMDT02"]
[Result "0-1"]
[WhiteElo "2252"]
[BlackElo "2492"]
[TimeControl "180+1"]
[EndTime "13:20:36 PST"]
[Termination "IMDT02 won on time"]

1. d4 Nf6 2. Nf3 e6 3. Bf4 b6 4. e3 Bb7 5. Nbd2 h6 6. h3 Rg8 7.
c4 g5 8. Bh2 d6 9. Bd3 Nbd7 10.
e4 Bg7 11. Qe2 Qe7 12. O-O-O e5 13. d5 O-O-O 14. Nf1 Kb8 15. Ne3 Nh5 16. Nf5 Qf8 17. Nxg5 Nf4 18. Bxf4 exf4 19. Nf3 Bf6 20. N5d4 Rxg2 21.
Rdg1 Rxg1+ 22. Rxg1 Ne5 23. Nxe5 Bxe5 24. Nf3 Bf6 25.
e5 Re8 26. exf6 Rxe2 27. Bxe2 c6 28. dxc6 Bxc6 29. Nd4 Bd7 30. Bg4 Bxg4 31. Rxg4 d5 32. Nc6+ Kb7 33. Ne7 h5 34. Rg7 dxc4 35. Nf5 Qc5 36.
Rxf7+ Ka6 37. Ne7 Qxf2 38. Nc8 Qe3+ 39. Kc2 Qd3+ 40. Kc1 f3 41. Rxa7+ Kb5 42. f7 f2 43.
f8=Q f1=Q+ 44. Qxf1 Qxf1+ 45. Kd2 Qg2+ 46. Kd1 Qh1+ 47. Ke2 Qh2+ 48. Ke1 Qxh3 49. Nd6+ Kc6 50. Ne4 Qe3+ 51. Kd1 Qxe4 52. Rg7 Qd4+ 0-1

[Event "*** Titled Tuesday Blitz"]
[Site "Chess.com"]
[Date "2020.03.03"]
[Round "2"]
[White "renehp"]
[Black "Volodar_Murzin"]
[Result "0-1"]
[WhiteElo "2331"]
[BlackElo "2701"]
[TimeControl "180+1"]
[EndTime "13:20:37 PST"]
[Termination "Volodar_Murzin won on time"]

1. e4 c6 2. d4 d5 3. e5 Bf5 4.
h4 h5 5. c4 e6 6. Nc3 Ne7 7.
Nf3 Nd7 8. Bg5 Qb6 9. Qd2 Bg4 10. cxd5 Nxd5 11. Be2 f6 12. exf6 gxf6 13. Be3 O-O-O 14. O-O Rg8 15. Rfc1 Bd6 16. Ne4 Bc7 17. a4 a5 18.
Nc5 Nxc5 19. Rxc5 Qb4 20. Qxb4 Nxb4 21. Kf1 Bb6 22. Rc4 Nd5 23. Bd2 Rd7 24. Re1 Ne7 25. Bd3 e5 26. Nh2 Be6 27. Nf3 Rg4 28. Rc2 Bxd4 29.
Be2 Bb6 30. Ng1 Rxh4 31. Bf3 Rxa4 32. Be3 Bb3 33. Rc3 Bxe3 34. fxe3 Bc4+ 35. Kf2 Bb5 36. e4 Rb4 37. b3 h4 0-1

[Event "*** Titled Tuesday Blitz"]
[Site "Chess.com"]
[Date "2020.03.03"]
[Round "2"]
[White "Abund"]
[Black "djano"]
[Result "1-0"]
[WhiteElo "2683"]
[BlackElo "2343"]
[TimeControl "180+1"]
[EndTime "13:20:41 PST"]
[Termination "Abund won by resignation"]

1. e4 e5 2. Nf3 Nc6 3. Bc4 Bc5 4. O-O Nf6 5. d3 d6 6. Be3 Bb6 7. Nc3 Be6 8. Nd5 Bxd5 9. exd5 Ne7 10. Bb5+ c6 11.
dxc6 bxc6 12. Ba4 O-O 13. Re1 Rb8 14. Bg5 Ng4 15. d4 f6 16. Bh4 Nf5 17. Bxc6 exd4 18.
Qd3 Nxh4 19. Nxh4 Ne5 20. Bd5+ Kh8 21. Qh3 Qc8 22. Be6 Qxc2 23. Bf5 Qd2 24. Rxe5 fxe5 25. Ng6+ Kg8 26. Be6+ Rf7 27. Bxf7+ Kxf7 28. Qf5+ Ke8 29.
Qf8+ Kd7 30. Qxb8 hxg6 31. Qb7+ Ke6 32. Qxg7 d3 33. Qxg6+ Ke7 34. Qg7+ Ke6 35. Qg8+ Ke7 36. Qh7+ Ke6 37. Qh3+ Ke7 38. Qh4+ Kd7 39. h3 Qxb2 40. Rd1 e4 41. Qxe4 Qxf2+ 42. Kh1 d2 43. Qg4+ Kc7 44. Qc4+ Kb8 45. Qg8+ Kc7 46. Qh7+ Kb8 47. Qg8+ Kc7 48. Qc4+ Kb8 49. Qf1 Qxf1+ 50. Rxf1 Bf2 51. Rd1 Be1 52. g4 Kc8 53. Kg2 Kd7 54. Kf1 Ke6 55. Rxe1+ 1-0

[Event "*** Titled Tuesday Blitz"]
[Site "Chess.com"]
[Date "2020.03.03"]
[Round "2"]
[White "novocane"]
[Black "ural58"]
[Result "1-0"]
[WhiteElo "2164"]
[BlackElo "2403"]
[TimeControl "180+1"]
[EndTime "13:20:44 PST"]
[Termination "novocane won on time"]

1. d4 d5 2. c4 e5 3. dxe5 d4 4. a3 Nc6 5. e3 Nge7 6. f4 Bf5 7. Nf3 dxe3 8. Qxd8+ Rxd8 9. Bxe3 f6 10. exf6 gxf6 11.
Nc3 Rg8 12. Kf2 h5 13. Be2 Bd3 14. Rad1 Bxe2 15. Nxe2 Nf5 16. Rxd8+ Nxd8 17. g3 h4 18. Re1 Nxe3 19. Ned4 hxg3+ 20. hxg3 Bc5 21. Rxe3+ Kf7 22.
b4 Bxd4 23. Nxd4 Rh8 24. Nf5 Ne6 25. Rd3 Ke8 26. Re3 Kf7 27. Rd3 Nf8 28. Re3 Ng6 29. Rd3 Rh2+ 30. Kg1 Ra2 31. g4 Nxf4 32. Rd7+ Kf8 33. Rxc7 Nd3 34. Rxb7 Ne5 35. Rxa7 Nf3+ 36. Kf1 Nd2+ 37. Ke1 Nxc4 38. b5 Rb2 39. a4 Ne5 40. Nd6 Nxg4 41. a5 Ne3 42. b6 Nd5 43. b7 Rb1+ 44.
Kd2 Rb2+ 45. Kc1 1-0